 Dungeon Crawl Stone Soup version 0.14-a0-1663-g0b35444 (webtiles) character file.

134 Nicoed the Skirmisher (level 4, 0/37 HPs)
             Began as a Demonspawn Berserker on Dec 29, 2013.
             Was an Initiate of Jiyva.
             Slain by a worm (11 damage)
             ... while paralysed by a potion of paralysis
             ... on Level 2 of the Dungeon.
             The game lasted 00:04:10 (1074 turns).

Nicoed the Skirmisher (Demonspawn Berserker)        Turns: 1074, Time: 00:04:10

HP   0/37        AC  5     Str 18      XL: 4   Next: 21%
MP   4/4         EV  2     Int  9      God: Jiyva [......]
Gold 52          SH  0     Dex 12      Spells:  0 memorised,  3 levels left

rFire  . . .     SeeInvis .     a - +0,-2 hand axe
rCold  . . .     Clarity  .     b - +0 animal skin
rNeg   . . .     Conserve .     (no shield)
rPois  .         rCorr    .     (no helmet)
rElec  .         rRot     .     (no cloak)
SustAb . .       Spirit   .     n - -1 pair of gloves
rMut   .         Warding  .     (no boots)
Saprov . . .     Stasis   .     (no amulet)
                                (no ring)
                                l - ring of teleport control {+++}

@: paralysed, slightly resistant to hostile enchantments, unstealthy
A: molten scales 2
a: Renounce Religion, Evoke Teleport Control


You were on level 2 of the Dungeon.
You worshipped Jiyva.
Jiyva was noncommittal.
You were starving.

You visited 1 branch of the dungeon, and saw 2 of its levels.

You collected 52 gold pieces.

Inventory:

Hand weapons
 a - a +0,-2 hand axe (weapon)
Armour
 b - a +0 animal skin (worn)
 n - a -1 pair of gloves (worn)
Comestibles
 c - a bread ration
 f - a pear
Scrolls
 d - a scroll of noise {unknown}
 h - 2 scrolls of fog {unknown}
 i - a scroll of recharging {unknown}
 j - 2 scrolls of identify {unknown}
 k - a scroll of immolation {unknown}
Jewellery
 l - a ring of teleport control (left hand) {+++}
Potions
 e - a potion of restore abilities {unknown}
 g - a potion of degeneration {unknown}
 m - a potion of confusion
 o - a potion of curing {unknown}
 p - a potion of paralysis


   Skills:
 + Level 3.7 Fighting
 + Level 3.7 Axes
 + Level 2.0 Armour
 + Level 2.2 Dodging


You had 3 spell levels left.
You didn't know any spells.

Dungeon Overview and Level Annotations

Branches:
Dungeon (2/16)

Altars:
Jiyva


Innate Abilities, Weirdness & Mutations

You are mostly covered in molten scales (AC +3, EV -1).


Message History

Unknown command.
You hit the worm.
The worm is heavily wounded.
The bat misses you. The bat barely misses you.
You hit the bat but do no damage. You hit the worm but do no damage.
The worm is heavily wounded.
The bat barely misses you. The worm bites you.
* * * LOW HITPOINT WARNING * * *
You are confused.
It was a potion of confusion.
The bat hits you but does no damage. The worm closely misses you.
The worm barely misses you. The bat hits you but does no damage.
Ouch! You feel less confused. The bat closely misses you. The worm bites you.
* * * LOW HITPOINT WARNING * * *
The worm barely misses you.
You suddenly lose the ability to move!
It was a potion of paralysis.
The bat hits you but does no damage. The worm bites you!
You die...

######## ##########
#.......# #........#
#.......# #........#
#.......#
..##...<....#####w......#
#...............@b......#
###........#####w......#
####.##### #.......# #.##
#.......# #..# ####.####
####.#### ..# #.......#
... #####.......## <.
..............# ###


You could see 2 worms and a bat.

Vanquished Creatures
  2 jellies (D:2)
  A giant mite (D:1)
  2 hobgoblins (D:1)
  A kobold (D:1)
  4 oozes (D:2)
  A quokka (D:2)
  2 ball pythons (D:1)
  3 bats
  A giant cockroach (D:1)
  A goblin (D:1)
  3 rats (D:1)
21 creatures vanquished.

Vanquished Creatures (others)
  A toadstool (D:2)
1 creature vanquished.

Grand Total: 22 creatures vanquished

Notes
Turn   | Place    | Note
--------------------------------------------------------------
     0 | D:1      | Nicoed, the Demonspawn Berserker, began the quest for the Orb.
     0 | D:1      | Reached XP level 1. HP: 18/18 MP: 1/1
   230 | D:1      | Gained mutation: You are partially covered in molten scales (AC +1). [demonic ancestry]
   230 | D:1      | Reached XP level 2. HP: 21/24 MP: 2/2
   638 | D:2      | Gained mutation: You are mostly covered in molten scales (AC +3, EV -1). [demonic ancestry]
   638 | D:2      | Reached XP level 3. HP: 16/29 MP: 3/3
   638 | D:2      | Reached XP level 4. HP: 20/36 MP: 4/4
   745 | D:2      | Found a viscous altar of Jiyva.
   944 | D:2      | Fell from the grace of Trog
   944 | D:2      | Became a worshipper of Jiyva Jagabuc the Shapeless
  1074 | D:2      | Paralysed by a potion of paralysis for 3 turns
  1074 | D:2      | Slain by a worm

Action                   |  1- 3 |  4- 6 || total
-------------------------+-------+-------++-------
Melee: Hand axe          |    43 |    25 ||    68
Invok: Berserk           |     1 |       ||     1
 Abil: Evoke Teleport Co |       |     2 ||     2
  Use: Potion            |       |     2 ||     2
